 Dungeon Crawl Stone Soup version 0.24-a0-282-g1a68c911f0 (webtiles) character file.

Game seed: 15383567832847679902

88076 Zentennen the Destroyer (level 15, -15/108 HPs)
             Began as an Octopode Wizard on May 1, 2019.
             Was a High Priest of Sif Muna.
             Blown up by a spellforged servitor (86 damage)
             ... with an orb of destruction
             ... summoned by the player character
             ... on level 2 of the Snake Pit on May 3, 2019.
             The game lasted 03:24:19 (37879 turns).

Zentennen the Destroyer (Octopode Wizard)          Turns: 37879, Time: 03:24:19

Health: -15/108    AC:  4    Str: 10    XL:     15   Next: 92%
Magic:  56/66      EV: 20    Int: 34    God:    Sif Muna [*****.]
Gold:   767        SH:  5    Dex: 13    Spells: 2/35 levels left

rFire    . . .     SeeInvis +   K - staff of wizardry
rCold    . . .     Gourm    .   M - +0 buckler
rNeg     + + .     Faith    .   H - +3 hat of Pondering {ponderous, MR+ MP+10 Int+5}
rPois    .         Spirit   .   X - amulet of magic regeneration
rElec    +         Reflect  .   k - ring of magical power
rCorr    .         Harm     .   n - ring of flight
MR       ++...                  G - ring of magical power
Stlth    ++++......             R - ring of positive energy
HPRegen  0.28/turn              e - ring of Paphaoguym {Fire *Drain +Blink Int+4 Dex+2}
MPRegen  0.65/turn              s - ring "Taotol" {rElec Str+2 Stlth+}
                                L - ring "Bewoiwyo" {Ice rN+ MP+9 SInv}
                                (no ring)

@: lethally poisoned (-15 -> -20), slow
A: almost no armour, stealthy swim, amphibious, 8 rings, constrict 8, camouflage
1, gelatinous body 1
a: Divine Energy, Channel Magic, Forget Spell, Renounce Religion, Evoke Blink,
Evoke Flight


You were on level 2 of the Snake Pit.
You worshipped Sif Muna.
Sif Muna was extremely pleased with you.
You were hungry.

You visited 5 branches of the dungeon, and saw 26 of its levels.
You visited 1 bazaar.

You collected 2478 gold pieces.
You spent 1711 gold pieces at shops.

Inventory:

Hand Weapons
 a - the +6 demon whip of Efeh {flame, Str+2 Stlth+}
   (You found it on level 11 of the Dungeon)

   It has been specially enchanted to burn those struck by it, causing extra
   injury to most foes and up to half again as much damage against particularly
   susceptible opponents.
   It affects your strength (+2).
   It makes you more stealthy.
 g - the +5 dagger "Zoschuheuf" {vamp, +Fly MR+ Dex-2}
   (You took it off an orc on level 6 of the Dungeon)

   It inflicts no extra harm, but heals its wielder when it wounds a living foe.
   It affects your dexterity (-2).
   It affects your resistance to hostile enchantments.
   It lets you fly.
Armour
 H - the +3 hat of Pondering (worn) {ponderous, MR+ MP+10 Int+5}
   (You took it off Gastronok on level 11 of the Dungeon)

   It affects your intelligence (+5).
   It affects your resistance to hostile enchantments.
   It affects your magic capacity (+10).
 M - a +0 buckler (worn)
Magical Staves
 K - an uncursed staff of wizardry (weapon)
Jewellery
 e - the ring of Paphaoguym (on tentacle) {Fire *Drain +Blink Int+4 Dex+2}
   (You bought it in a shop on level 2 of the Orcish Mines)

   [ring of fire]

   It enhances your fire magic.
   It affects your intelligence (+4).
   It affects your dexterity (+2).
   It protects you from fire.
   It makes you vulnerable to cold.
   It lets you blink.
   It causes draining when unequipped.
 k - a ring of magical power (left tentacle)
 n - a ring of flight (right tentacle)
 s - the ring "Taotol" (on tentacle) {rElec Str+2 Stlth+}
   (You acquired it on level 2 of the Orcish Mines)

   [ring of stealth]

   It affects your strength (+2).
   It insulates you from electricity.
   It makes you more stealthy.
 G - a ring of magical power (on tentacle)
 L - the ring "Bewoiwyo" (on tentacle) {Ice rN+ MP+9 SInv}
   (You acquired it on level 2 of the Orcish Mines)

   [ring of ice]

   It enhances your ice magic.
   It makes you vulnerable to fire.
   It protects you from cold.
   It protects you from negative energy.
   It affects your magic capacity (+9).
   It lets you see invisible.
 R - a ring of positive energy (on tentacle)
 X - an amulet of magic regeneration (around mantle)
 Y - an uncursed amulet of the acrobat
Wands
 p - a wand of clouds (3)
 q - a wand of paralysis (5)
 v - a wand of random effects (102)
 y - a wand of polymorph (7)
 B - a wand of enslavement (11)
 D - a wand of digging (2)
 E - a wand of acid (11)
 T - a wand of flame (13)
 U - a wand of scattershot (5)
Scrolls
 f - 3 scrolls of enchant armour
 h - a scroll of amnesia
 i - 13 scrolls of remove curse
 r - 2 scrolls of fog
 t - 4 scrolls of blinking
 z - 2 scrolls of silence
 A - 6 scrolls of immolation
 C - a scroll of brand weapon
 J - 2 scrolls of vulnerability
 N - a scroll of enchant weapon
 O - a scroll of fear
 P - a scroll of holy word {unknown}
 Q - 3 scrolls of teleportation
Potions
 b - 3 potions of brilliance
 d - 3 potions of lignification
 j - a potion of cancellation
 l - a potion of invisibility
 m - a potion of flight
 o - 6 potions of mutation
 u - a potion of ambrosia
 w - 2 potions of might
 x - a potion of magic
 F - a potion of agility
 I - 2 potions of heal wounds
 S - 2 potions of curing
 W - a potion of haste
Miscellaneous
 V - a lamp of fire (inert)
Comestibles
 c - 41 rations


   Skills:
 - Level 12.0 Fighting
 - Level 7.1 Short Blades
 - Level 12.2 Dodging
 - Level 2.6 Stealth
 - Level 5.0 Shields
 + Level 10.8 Spellcasting
 * Level 13.0 Conjurations
 * Level 11.2 Summonings
 - Level 1.0 Translocations
 - Level 3.0 Air Magic
   Level 2.0 Poison Magic


You had 2 spell levels left.
You knew the following spells:

 Your Spells              Type           Power        Failure   Level  Hunger
a - Orb of Destruction    Conj           #######...   4%          7    ######.
b - Blink                 Tloc           N/A          1%          2    None
c - Call Imp              Summ           #######.     1%          2    None
d - Conjure Flame         Conj/Fire      #######.     1%          3    None
g - Iskenderun's Mystic   Conj           #######.     1%          4    None
h - Fulminant Prism       Conj/Hex       ######....   1%          4    None
i - Summon Lightning Spi  Summ/Air       ######..     1%          4    None
j - Spellforged Servitor  Conj/Summ      #######...   6%          7    ######.

Your spell library contained the following spells:

 Spells                   Type           Power        Failure   Level  Hunger
 Magic Dart               Conj           ####         0%          1    None
 Searing Ray              Conj           ######       0%          2    None
 Beastly Appendage        Tmut           ###...       1%          1    None
 Corona                   Hex            ###....      1%          1    None
 Flame Tongue             Conj/Fire      #####        1%          1    None
 Shock                    Conj/Air       ####         1%          1    None
 Summon Small Mammal      Summ           ####         1%          1    None
 Ensorcelled Hibernation  Hex/Ice        ####..       1%          2    None
 Slow                     Hex            ###.....     1%          2    None
 Sticks to Snakes         Tmut           ###.....     1%          2    None
 Swiftness                Chrm/Air       ####....     1%          2    None
 Call Canine Familiar     Summ           #######.     1%          3    None
 Dazzling Spray           Conj/Hex       ######       1%          3    None
 Mephitic Cloud           Conj/Pois/Air  ######..     1%          3    None
 Recall                   Summ/Tloc      N/A          1%          3    None
 Spider Form              Tmut/Pois      ####......   1%          3    None
 Static Discharge         Conj/Air       ######..     1%          3    None
 Summon Guardian Golem    Hex/Summ       ######..     1%          3    None
 Force Lance              Conj/Tloc      ######..     1%          4    None
 Summon Ice Beast         Ice/Summ       ######..     1%          4    None
 Aura of Abjuration       Summ           #######...   1%          5    ##.....
 Bolt of Draining         Conj/Necr      ######....   1%          5    ##.....
 Fireball                 Conj/Fire      #######...   1%          5    ##.....
 Iskenderun's Battlesphe  Conj/Chrm      ######..     1%          5    ##.....
 Lightning Bolt           Conj/Air       ######....   1%          5    ##.....
 Summon Demon             Summ           #######...   1%          5    ##.....
 Venom Bolt               Conj/Pois      ######....   1%          5    ##.....
 Shadow Creatures         Summ           N/A          1%          6    ####...
 Airstrike                Air            #####.....   2%          4    None
 Summon Forest            Summ/Tloc      ######....   2%          5    ##.....
 Summon Mana Viper        Hex/Summ       ######..     2%          5    ##.....
 Confuse                  Hex            ###.....     3%          3    None
 Inner Flame              Hex/Fire       ####....     3%          3    None
 Tukima's Dance           Hex            ###.....     3%          3    None
 Bolt of Magma            Conj/Fire/Erth ######....   4%          5    ##.....
 Monstrous Menagerie      Summ           #######...   9%          7    ######.
 Ice Form                 Ice/Tmut       ####....     10%         4    None
 Iron Shot                Conj/Erth      ######....   11%         6    ####...
 Silence                  Hex/Air        ####......   16%         5    ##.....
 Blade Hands              Tmut           ###.......   26%         5    ##.....
 Borgnjor's Vile Clutch   Necr/Erth      ###.......   26%         5    ##.....
 Metabolic Englaciation   Hex/Ice        ####......   26%         5    ##.....
 Malign Gateway           Summ/Tloc      ######....   52%         7    ######.
 Darkness                 Hex            ###.......   80%         6    ####...
 Lehudib's Crystal Spear  Conj/Erth      ######....   98%         8    #######
 Discord                  Hex            ###.......   100%        8    #######
 Necromutation            Tmut/Necr      ###.......   100%        8    #######


Dungeon Overview and Level Annotations

Branches:
Dungeon (15/15)            Temple (1/1) D:6            Lair (6/6) D:8
 Shoals (0/4) Lair:2        Snake (2/4) Lair:4        Slime (0/5) Lair:5
    Orc (2/2) D:10            Elf (0/3) Orc:2        Vaults (0/5) D:13
 Depths (0/5) D:15

Altars:
Ashenzari
Cheibriados
Dithmenos
Elyvilon
Fedhas
Gozag
Hepliaklqana
Kikubaaqudgha
Makhleb
Nemelex Xobeh
Okawaru
Qazlal
Ru
Sif Muna
Trog
Uskayaw
Vehumet
Wu Jian
Xom
Yredelemnul
Zin
The Shining One
Beogh
Jiyva

Shops:
D:5 :   D:14 }   D:15 (   Orc:2 [*?(*:(([   Snake:2 =

Annotations:
D:4 2 transporters
D:6 Grinder
D:10 3 runed translucent doors
D:13 3 runed translucent doors, loom's ghost, journeyman GrFE
D:14 2 transporters
Lair:5 1 runed translucent door, Tuudo's ghost, journeyman DsFi
Orc:2 2 runed translucent doors, tidbits's ghost, journeyman GnSk


Innate Abilities, Weirdness & Mutations

You cannot wear most types of armour.
You are very stealthy in the water. (Stealth+)
You are amphibious.
You can wear up to eight rings at the same time.
You can use your tentacles to constrict eight enemies at once.
Your skin changes colour to match your surroundings (Stealth+).
Your rubbery body absorbs attacks. (AC +1, EV +1)


Message History

You feel sick.
You are no longer poisoned.
The black mamba misses you. The black mamba closely misses you.
The black mamba bites you!
You are poisoned.
The black mamba poisons you!
You feel sick.
Your spellforged servitor conjures a glowing orb.
The black mamba closely misses you.
You feel sick.
Your spellforged servitor conjures a glowing orb.
The black mamba completely misses you.
You feel sick.
Your spellforged servitor hums quietly as it recharges.
The orb of destruction hits the black mamba!!!
The black mamba is blown up!
Sif Muna accepts your kill.
You feel sick. The orb of destruction hits you!!!!
Ouch! That really hurt!
You die...

*,*** #....'#........## ,,,,*
#....'####......## ,,,,*
#....#######..♣..## *,,,*
#..###............#
*,++****#######++#.+............#
*,,,..#............#...♣..♣.>.♣.'
*,,...........%.................#
*,,...............#*,......÷....#
*,,.............@.#**#####..♣)÷##
*,,...........○○..######......##.
*,,...........°°..%.#........###.
*,,..........8....#..)..♣...## #.
+,,.......(....%..#.#.....(## #.
*,,..............##.'.....## #.
*,,....#...)....#####...###* #.
*,+''+*#'))##+++# **#####*,** ##
*,,,,,*#..[#*,,,***,,,,,,+,,* #


You could see a friendly spellforged servitor.

Vanquished Creatures
  Frances (D:12)
  Gastronok (D:11)
  An orc warlord (Orc:2)
  A fire dragon (D:15)
  A catoblepas (Lair:6)
  An ice dragon (D:15)
  9 hydras
  A centaur warrior (D:13)
  A deep troll shaman (Lair:6)
  2 dancing weapons (D:13)
  3 two-headed ogres
  6 death yaks
  3 shock serpents
  A tengu warrior (D:14)
  Urug (D:11)
  An orc high priest (Orc:2)
  Nergalle (Lair:2)
  Pikel (D:8)
  A deep elf mage (D:14)
  2 manticores
  3 mana vipers (Snake:2)
  4 orc knights
  4 orc sorcerers
  A cyclops (D:15)
  2 elephants (Lair:6)
  An ugly thing (D:13)
  A salamander (Snake:1)
  Maurice (D:11)
  Psyche (D:8)
  3 gargoyles
  12 spiny frogs
  4 naga magi
  9 black mambas
  A rime drake (Lair:2)
  A freezing wraith (D:14)
  5 komodo dragons
  3 trolls
  2 polar bears
  A hornet (D:11)
  A meliai (D:15)
  2 slime creatures (D:15)
  6 dream sheep (Lair:5)
  14 blink frogs
  8 hippogriffs
  A snapping turtle (Lair:2)
  A vampire (D:14)
  2 water elementals (D:11)
  A shadow (D:14)
  3 wraiths
  3 wyverns
  4 basilisks
  21 yaks
  Grum (D:8)
  A human (D:8)
  3 hogs (D:8)
  4 hungry ghosts
  3 wargs
  6 nagas
  5 vampire mosquitoes
  18 water moccasins
  A soldier ant (shapeshifter) (D:14)
  An acid dragon (D:14)
  9 porcupines
  28 orc warriors
  A sky beast (D:8)
  2 hornet zombies
  2 phantoms
  2 ice beasts
  A black bear (shapeshifter) (D:15)
  2 black bears
  21 wolves
  A meliai simulacrum (D:15)
  9 ogres
  2 slaves (D:8)
  2 centaurs
  2 necrophages
  12 crocodiles
  3 big kobolds
  A gnoll sergeant (Orc:1)
  17 bullfrogs
  4 scorpions
  7 wights
  11 killer bees
  4 electric eels
  4 howler monkeys
  2 centaur zombies
  5 crimson imps
  A bullfrog zombie (D:13)
  A jelly (D:14)
  16 orc priests
  4 hounds
  2 bullfrog skeletons
  4 centaur skeletons
  4 iguanas
  3 worker ants
  17 orc wizards
  4 hell rats (Lair:2)
  A hound zombie (D:7)
  2 hound skeletons
  2 howler monkey zombies
  3 gnolls (D:10)
  19 adders
  4 shadow imps
  An ooze (D:1)
  2 worms
  4 dart slugs
  4 leopard geckos
  64 orcs
  2 ball pythons
  5 giant cockroaches
  12 goblins
  7 hobgoblins
  12 jackals
  18 kobolds
  6 quokkas
  5 bats
  7 frilled lizards
  A leopard gecko zombie (D:5)
  10 rats
  2 fulminant prisms
  3 fungi
  3 plants
617 creatures vanquished.

Vanquished Creatures (collateral kills)
  A nagaraja (Snake:2)
  A naga warrior (Snake:1)
  2 anacondas
  A two-headed ogre (D:14)
  An orc high priest (Orc:1)
  3 naga sharpshooters
  A shock serpent (Snake:2)
  3 naga ritualists (Snake:2)
  A lindwurm (Lair:6)
  An orc knight (Orc:2)
  2 mana vipers
  A gargoyle (D:14)
  4 naga magi
  A spiny frog (Lair:3)
  15 black mambas
  2 meliai (D:15)
  A troll (D:13)
  A tengu conjurer (D:14)
  A slime creature (D:15)
  A vampire (D:13)
  A basilisk (D:15)
  A vampire mosquito (D:12)
  5 nagas (Snake:2)
  Duvessa (D:5)
  A black bear (D:7)
  13 orc warriors
  2 ice beasts
  An ogre (Orc:2)
  2 centaurs (D:12)
  Blork the orc (Orc:1)
  A big kobold (D:12)
  Dowan (D:5)
  2 bullfrogs
  A scorpion (D:4)
  A killer bee (D:8)
  2 wights (D:13)
  2 hounds
  A jelly (D:15)
  4 orc wizards
  2 orc priests (Orc:2)
  A worker ant (D:14)
  11 orcs
  5 kobolds
  2 fulminant prisms
108 creatures vanquished.

Vanquished Creatures (others)
  A death yak (Lair:6)
  A manticore (D:12)
  An elephant (Lair:6)
  A centaur skeleton (D:15)
  A hippogriff (Lair:1)
  A wyvern (D:10)
  A yak (Lair:2)
  A naga (Snake:1)
  A water moccasin (Lair:3)
  2 orc warriors
  2 slaves (D:8)
  A crocodile (Lair:3)
  2 wolves
  A bullfrog (D:15)
  An orc wizard (D:8)
  3 orcs
  A quokka (D:8)
  244 fulminant prisms
  16 fungi
  26 plants
308 creatures vanquished.

Grand Total: 1033 creatures vanquished

Notes
Turn   | Place    | Note
-------+----------+-------------------------------------------
     0 | D:1      | Zentennen the Octopode Wizard began the quest for the Orb.
     0 | D:1      | Reached XP level 1. HP: 11/11 MP: 4/4
   201 | D:1      | Reached XP level 2. HP: 12/17 MP: 1/6
   469 | D:1      | Reached skill level 2 in Conjurations
   558 | D:1      | Learned a level 2 spell: Blink
   561 | D:1      | Learned a level 2 spell: Call Imp
   619 | D:1      | Reached XP level 3. HP: 16/21 MP: 1/7
  1396 | D:2      | Reached XP level 4. HP: 27/27 MP: 5/9
  1623 | D:2      | Reached skill level 3 in Conjurations
  1853 | D:2      | Found a blossoming altar of Fedhas.
  1856 | D:2      | Found a bloodstained altar of Trog.
  1857 | D:2      | Found a burning altar of Makhleb.
  1857 | D:2      | Found a white marble altar of Elyvilon.
  2680 | D:3      | Reached XP level 5. HP: 31/31 MP: 10/10
  2910 | D:4      | Found a hazy altar of Hepliaklqana.
  3117 | D:4      | Found a transporter.
  3121 | D:4      | Found a transporter.
  3130 | D:4      | Found a radiant altar of Vehumet.
  3132 | D:4      | Found a glowing silver altar of Zin.
  3369 | D:5      | Entered Level 5 of the Dungeon
  3459 | D:5      | Noticed Dowan
  3461 | D:5      | Noticed Duvessa
  3488 | D:5      | Killed Duvessa
  3488 | D:5      | Reached skill level 4 in Conjurations
  3499 | D:5      | Killed Dowan
  3499 | D:5      | Reached XP level 6. HP: 16/36 MP: 8/11
  4034 | D:5      | Found Gofesej's Book Shoppe.
  4405 | D:6      | Noticed Grinder
  4782 | D:5      | Learned a level 3 spell: Conjure Flame
  4786 | D:5      | Learned a level 3 spell: Mephitic Cloud
  5034 | D:5      | Reached XP level 7. HP: 15/41 MP: 13/13
  5075 | D:5      | Reached skill level 5 in Conjurations
  5539 | D:6      | Found a staircase to the Ecumenical Temple.
  5584 | D:6      | Reached skill level 1 in Poison Magic
  5741 | Temple   | Entered the Ecumenical Temple
  5757 | Temple   | Became a worshipper of Sif Muna the Loreminder
  6068 | D:6      | Paralysed by Grinder for 7 turns
  6127 | D:5      | Upgraded the game from 0.24-a0-279-ga7546fe674 to
                  | 0.24-a0-282-g1a68c911f0
  6359 | D:6      | Got a wavering platinum ring
  6362 | D:6      | Identified the cursed ring of Anefo {rElec MR- Str+7 Int-4}
                  | (You found it on level 6 of the Dungeon)
  6374 | D:6      | Identified the +5 dagger "Zoschuheuf" {vamp, +Fly MR+
                  | Dex-2}
  6607 | D:7      | Noticed a hippogriff
  6618 | D:7      | Reached skill level 1 in Fighting
  6618 | D:7      | Reached skill level 5 in Spellcasting
  6618 | D:7      | Reached XP level 8. HP: 46/48 MP: 15/15
  6642 | D:7      | Killed a hippogriff
  6642 | D:7      | Reached skill level 6 in Conjurations
  6766 | D:7      | Found a glowing golden altar of the Shining One.
  7543 | D:7      | Reached skill level 1 in Short Blades
  7543 | D:7      | Reached skill level 5 in Dodging
  7954 | D:8      | Reached * piety under Sif Muna
  8059 | D:8      | Noticed Pikel
  8064 | D:8      | Noticed a hippogriff
  8066 | D:8      | Noticed Psyche
  8077 | D:8      | Killed Psyche
  8077 | D:8      | Reached XP level 9. HP: 53/53 MP: 11/18
  8101 | D:8      | Noticed a gargoyle
  8489 | D:8      | HP: 2/55 [giant cockroach (2)]
  8526 | D:8      | HP: 4/85 [poisoned by a killer bee]
  8531 | D:8      | HP: 2/57 [poisoned by a killer bee]
  8532 | D:8      | Reached XP level 10. HP: 2/80 MP: 2/20
  8536 | D:8      | HP: 2/80 [poisoned by a killer bee]
  8542 | D:8      | HP: 2/80 [poisoned by a killer bee]
  9063 | D:8      | Killed Pikel
  9130 | D:8      | Found a white marble altar of Elyvilon.
  9158 | D:8      | Found a staircase to the Lair.
  9346 | D:8      | Noticed Grum
  9383 | D:8      | Noticed a death yak
  9745 | D:7      | Killed a death yak
 10368 | D:8      | Killed Grum
 10611 | D:8      | Reached XP level 11. HP: 78/85 MP: 22/22
 10946 | D:9      | Reached ** piety under Sif Muna
 11643 | D:9      | Learned a level 3 spell: Dazzling Spray
 11755 | D:10     | Entered Level 10 of the Dungeon
 12367 | D:10     | Found a staircase to the Orcish Mines.
 12506 | D:10     | Found a runed translucent gate.
 12506 | D:10     | Found a runed translucent gate.
 12507 | D:10     | Found a runed translucent gate.
 12510 | D:10     | Noticed a cyan ugly thing
 12513 | D:10     | Noticed a green very ugly thing
 12517 | D:10     | Noticed a white ugly thing
 12519 | D:10     | Noticed a white ugly thing
 12519 | D:10     | Noticed a purple ugly thing
 12715 | D:8      | Reached skill level 5 in Short Blades
 13817 | Lair:1   | Entered Level 1 of the Lair of Beasts
 15035 | Lair:1   | Learned a level 4 spell: Iskenderun's Mystic Blast
 15097 | Lair:2   | Noticed a five-headed hydra
 15111 | Lair:2   | Killed a five-headed hydra
 15584 | Lair:2   | Noticed a four-headed hydra
 15616 | Lair:1   | Killed a four-headed hydra
 15616 | Lair:1   | Reached XP level 12. HP: 35/91 MP: 0/24
 16063 | Lair:1   | Learned a level 4 spell: Fulminant Prism
 16126 | Lair:2   | Reached skill level 7 in Conjurations
 16254 | Lair:2   | Reached *** piety under Sif Muna
 16267 | Lair:2   | Noticed Nergalle
 16748 | Lair:2   | Killed Nergalle
 16893 | Lair:2   | Found a staircase to the Shoals.
 17809 | Lair:2   | Reached skill level 8 in Conjurations
 19032 | Lair:3   | Reached skill level 10 in Dodging
 19245 | Lair:3   | Reached **** piety under Sif Muna
 19245 | Lair:3   | Reached skill level 9 in Conjurations
 20087 | Lair:4   | Noticed a six-headed hydra
 20122 | Lair:4   | Killed a six-headed hydra
 20122 | Lair:4   | Reached XP level 13. HP: 45/97 MP: 6/26
 20738 | Lair:4   | Found a staircase to the Snake Pit.
 21819 | Lair:5   | Found a runed translucent door.
 21820 | Lair:5   | Noticed Tuudo's ghost (journeyman DsFi)
 22015 | Lair:5   | Found a staircase to the Slime Pits.
 22016 | Lair:5   | Found a viscous altar of Jiyva.
 22060 | Lair:5   | Reached skill level 10 in Conjurations
 22479 | Lair:5   | Learned a level 4 spell: Summon Lightning Spire
 22488 | Lair:5   | You fall through a shaft!
 22488 | Lair:6   | Entered Level 6 of the Lair of Beasts
 22526 | Lair:6   | HP: 6/217 [spiny frog (7)]
 22533 | Lair:6   | HP: 4/145 [poisoned by a spiny frog]
 22538 | Lair:6   | HP: 5/145 [poisoned by a spiny frog]
 23047 | Lair:6   | Reached skill level 1 in Air Magic
 23148 | Lair:6   | Reached skill level 10 in Spellcasting
 24324 | Lair:6   | Reached ***** piety under Sif Muna
 24324 | Lair:6   | Identified Sif Muna's Grimoire of the Armadillo (Sif Muna
                  | gifted it to you on level 6 of the Lair of Beasts)
 24324 | Lair:6   | Received a gift from Sif Muna
 24541 | Lair:6   | Reached XP level 14. HP: 75/103 MP: 28/28
 24976 | Lair:6   | Reached skill level 5 in Summonings
 25283 | D:11     | Noticed Urug
 25385 | D:11     | Noticed Gastronok
 25403 | D:11     | Killed Gastronok
 25403 | D:11     | Reached skill level 1 in Shields
 25420 | D:11     | Got an ancient demon whip
 25608 | D:11     | Noticed Maurice
 25626 | D:11     | Killed Maurice
 25814 | D:11     | Found a stormy altar of Qazlal.
 26318 | D:11     | Killed Urug
 27044 | D:12     | Noticed Frances
 27362 | D:12     | Killed Frances
 27854 | D:13     | Found a runed translucent gate.
 27855 | D:13     | Found a runed translucent gate.
 27855 | D:13     | Found a runed translucent gate.
 27857 | D:13     | Noticed loom's ghost (journeyman GrFE)
 27857 | D:13     | You fall through a shaft for 2 floors!
 27857 | D:15     | Entered Level 15 of the Dungeon
 27857 | D:15     | Found Ileguiph's Weapon Boutique.
 29050 | D:15     | Reached skill level 5 in Shields
 29416 | D:15     | Identified Sif Muna's Reference Book on Hurtful Beguiling
                  | (Sif Muna gifted it to you on level 15 of the Dungeon)
 29416 | D:15     | Received a gift from Sif Muna
 29732 | D:15     | Found a staircase to the Depths.
 30107 | D:14     | Found a transporter.
 30132 | D:14     | Found a transporter.
 30308 | D:14     | Found Ufomeoh's Gadget Emporium.
 30540 | D:14     | Found a sacrificial altar of Ru.
 30648 | D:14     | Noticed an azure jelly
 30734 | D:14     | Identified the +6 demon whip of Efeh {flame, Str+2 Stlth+}
                  | (You found it on level 11 of the Dungeon)
 30778 | D:13     | Reached skill level 11 in Conjurations
 30817 | D:13     | Found a gate to the Vaults.
 30909 | D:13     | Reached XP level 15. HP: 108/108 MP: 29/29
 32218 | Orc:1    | Entered Level 1 of the Orcish Mines
 32362 | Orc:1    | Identified Sif Muna's Compendium of Combat Magic and the
                  | Blaze (Sif Muna gifted it to you on level 1 of the Orcish
                  | Mines)
 32362 | Orc:1    | Received a gift from Sif Muna
 33090 | Orc:1    | Noticed Blork the orc
 33095 | Orc:1    | Killed Blork the orc
 33275 | Orc:2    | Entered Level 2 of the Orcish Mines
 33634 | Orc:2    | Reached skill level 12 in Conjurations
 33667 | Orc:2    | Found a roughly hewn altar of Beogh.
 33676 | Orc:2    | Noticed an orc warlord
 33802 | Orc:2    | Reached skill level 10 in Summonings
 33996 | Orc:2    | Found Udakhot's Assorted Antiques.
 34146 | Orc:2    | Found Cueh's Armour Shoppe.
 34199 | Orc:2    | Bought a glittering bone ring for 150 gold pieces
 34199 | Orc:2    | Identified the ring of Paphaoguym {Fire *Drain +Blink Int+4
                  | Dex+2} (You bought it in a shop on level 2 of the Orcish
                  | Mines)
 34217 | Orc:2    | Found Koast's Weapon Boutique.
 34223 | Orc:2    | Found a staircase to the Elven Halls.
 34246 | Orc:2    | Found Faxkefu's Antique Weapon Boutique.
 34261 | Orc:2    | Killed an orc warlord
 34281 | Orc:2    | Found Hurohepn's Antique Armour Boutique.
 34437 | Orc:2    | Found Ucriuqen's Weapon Shop.
 34450 | Orc:2    | Found a large runed translucent door.
 34451 | Orc:2    | Found a large runed translucent door.
 34456 | Orc:2    | Noticed tidbits's ghost (journeyman GnSk)
 34629 | Orc:2    | Found Tiekill's Magic Scroll Shoppe.
 34728 | Orc:2    | Found Putyhoj's Book Boutique.
 34750 | Orc:2    | Found Cudicup's General Store.
 34870 | Orc:2    | Bought a scroll of fog for 28 gold pieces
 34870 | Orc:2    | Bought a scroll of acquirement for 728 gold pieces
 34879 | Orc:2    | Got a slimy marble ring
 34881 | Orc:2    | Got a transparent brass ring
 34884 | Orc:2    | Identified the ring "Taotol" {rElec Str+2 Stlth+} (You
                  | acquired it on level 2 of the Orcish Mines)
 34885 | Orc:2    | Identified the ring "Bewoiwyo" {Ice rN+ MP+9 SInv} (You
                  | acquired it on level 2 of the Orcish Mines)
 34902 | Orc:2    | Learned a level 7 spell: Spellforged Servitor
 35288 | Snake:1  | Entered Level 1 of the Snake Pit
 35567 | Snake:1  | Learned a level 7 spell: Orb of Destruction
 36674 | D:14     | Bought a lamp of fire for 760 gold pieces
 37017 | Snake:2  | Noticed a nagaraja
 37024 | Snake:2  | Killed a nagaraja
 37077 | Snake:2  | Found Huga's Jewellery Shop.
 37140 | Snake:2  | Found a flickering gateway to a bazaar.
 37153 | Bazaar   | Entered a bazaar
 37153 | Bazaar   | Found Weorua's Gadget Shoppe.
 37164 | Bazaar   | Found Otzuxt's Antique Armour Boutique.
 37180 | Bazaar   | Found Nuguiw's Antique Weapon Boutique.
 37209 | Bazaar   | Found Ihow's General Store.
 37217 | Bazaar   | Found Qoeb's Magic Scroll Emporium.
 37225 | Bazaar   | Bought a scroll of fog for 18 gold pieces
 37225 | Bazaar   | Bought a scroll of teleportation for 27 gold pieces
 37438 | Snake:2  | Received a gift from Sif Muna
 37762 | Snake:2  | Reached skill level 13 in Conjurations
 37879 | Snake:2  | Blown up by a spellforged servitor

Levels and vault maps discovered:
D:1:      minmay_arrival_wavy_path, layout_rooms, solitary_fountain
D:2:      layout_basic, minitemple
D:3:      layout_basic
D:4:      layout_basic, lemuel_doored_altar, gammafunk_temple_overflow_arena,
          first_ration, fountainhead
D:5:      layout_loops_ring, serial_shops, kennysheep_mini, uniq_duvessa
D:6:      layout_cave_pools, minmay_temple_entry_statues, serial_column_ruins,
          column_ruins_hut, column_ruins_open_small,
          column_ruins_corridor_corner, column_ruins_columns_straight,
          column_ruins_corridor_plus, column_ruins_grid_1,
          column_ruins_columns_straight, column_ruins_grid_1, uniq_grinder
D:7:      layout_gridville, tso_metal_star
D:8:      layout_loops_ring, david_lair_generic, grunt_livestock,
          elyvilon_altar_4, uniq_pikel, uniq_psyche, uniq_grum
D:9:      layout_irregular_city
D:10:     layout_cave_pools, orc_0_dummy,
          ploomutoo_gammafunk_ghost_potion_laboratory, nrook_loot_triangle,
          serial_park_tiny_pond
D:11:     wad_lake_hut, layout_rooms, minmay_misc_feat_rugged,
          nicolae_qazlal_general_emergency, uniq_maurice, uniq_urug,
          uniq_gastronok
D:12:     layout_long_grid, uniq_frances
D:13:     layout_loops_corners, erik_vaults_1, special_room [special_room_orc],
          gammafunk_ghost_spectres
D:14:     gammafunk_jiyva_shrine, layout_cave_pools, basic_altar,
          minmay_misc_feat_pillars, serial_shops, shop
D:15:     grunt_enter_depths_hoard, layout_loops_corners, serial_shops, shop
Temple:   minmay_freezing_vapour_temple
Lair:1:   layout_loops_ring
Lair:2:   layout_roguey, minmay_shoals_entry_hut, grunt_megastairs_5,
          uniq_nergalle
Lair:3:   layout_hall_layers
Lair:4:   layout_cave_pods, minmay_snake_entry_six_corridors
Lair:5:   layout_long_grid, slime_altar_1, ebering_ghost_inner_flame,
          grunt_megastairs_2, lemuel_fruit_tree
Lair:6:   grunt_lair_end_beastmaster, layout_hall_layers, serial_bayou_pond_c
Snake:1:  layout_misc_corridors, hangedman_snake_pattern, serial_bayou_shore_b
Snake:2:  layout_gridlike, serial_shops, bzr_entry_gold,
          minmay_shop_enchanted_jewellery, grunt_megastairs_3,
          serial_bayou_shore_a
Orc:1:    layout_caves, sword_in_stone
Orc:2:    grunt_orc_cross, layout_caves, serial_shops,
          nicolae_shop_behind_doors, shop, nicolae_shop_overgrown_old_shop,
          nicolae_shop_trees, shop, ebering_ghost_disaster_area

Skill      XL: |  1  2  3  4  5  6  7  8  9 10 11 12 13 14 15 |
---------------+----------------------------------------------+-----
Conjurations   | 2 3 4 5 6 9 10 11 13 | 13.0
Dodging        | 3 4 5 6 8 10 12 | 12.2
Spellcasting   | 4 5 6 7 8 9 10 | 10.8
Poison Magic   | 2 |  2.0
Fighting       | 1 2 11 12 | 12.0
Short Blades   | 2 3 4 7 |  7.1
Air Magic      | 3 |  3.0
Summonings     | 4 8 11 | 11.2
Shields        | 5 |  5.0
Stealth        | |  2.6
Translocations | |  1.0

Action                   |  1- 3 |  4- 6 |  7- 9 | 10-12 | 13-15 || total
-------------------------+-------+-------+-------+-------+-------++-------
Melee: Dagger            |    49 |    76 |    24 |       |       ||   149
       Constrict         |    13 |    25 |    26 |    39 |    44 ||   147
       Unarmed           |     3 |       |       |       |       ||     3
       Tentacles         |     6 |    12 |    11 |    34 |    34 ||    97
       Flail             |       |    42 |       |       |       ||    42
       Short sword       |       |       |    74 |   245 |   250 ||   569
       Demon whip        |       |       |       |       |    28 ||    28
       Staff             |       |       |       |       |    18 ||    18
 Cast: Magic Dart        |    64 |    89 |    90 |   386 |   292 ||   921
       Blink             |     1 |       |     8 |    17 |     4 ||    30
       Call Imp          |       |    14 |    33 |    22 |       ||    69
       Mephitic Cloud    |       |     2 |    16 |    15 |     5 ||    38
       Conjure Flame     |       |       |     6 |    36 |    25 ||    67
       Dazzling Spray    |       |       |       |    23 |     7 ||    30
       Iskenderun's Myst |       |       |       |    40 |   282 ||   322
       Fulminant Prism   |       |       |       |    63 |   186 ||   249
       Summon Lightning  |       |       |       |       |    81 ||    81
       Spellforged Servi |       |       |       |       |    13 ||    13
       Orb of Destructio |       |       |       |       |     1 ||     1
 Abil: Evoke Berserk Rag |       |       |       |       |     1 ||     1
Evoke: Wand              |       |       |     8 |     6 |    12 ||    26
       Box of beasts     |       |       |       |       |     1 ||     1
       Lamp of fire      |       |       |       |       |     1 ||     1
  Use: Scroll            |       |    12 |    11 |     6 |    24 ||    53
       Potion            |       |       |     5 |     9 |     6 ||    20
 Stab: Sleeping          |       |     3 |       |     2 |       ||     5
       Confused          |       |       |     1 |     4 |     1 ||     6
       Distracted        |       |       |     1 |     1 |     3 ||     5
       Invisible         |       |       |       |     1 |       ||     1
  Eat: Chunk             |     1 |    11 |    12 |    24 |    40 ||    88
       Ration            |       |       |       |     5 |     7 ||    12
Armor: Skin              |     3 |    16 |     8 |    28 |    22 ||    77
Dodge: Dodged            |    32 |   113 |    80 |   182 |   284 ||   691
Block: Buckler           |       |       |       |       |    52 ||    52

Table legend:
 A = Non-vault XP
 B = Vault XP
 C = Vault XP percentage of total XP
 D = Non-vault monster count
 E = Vault monster count
 F = Vault count percentage of total count
                 A         B        C        D         E       F
            +---------+---------+-------+---------+---------+-------
      Total |   85666 |   37006 |  30.2 |     598 |     134 |  18.3
            +---------+---------+-------+---------+---------+-------
        D:1 |      63 |       0 |   0.0 |      32 |       0 |   0.0
        D:2 |      75 |       0 |   0.0 |      21 |       0 |   0.0
        D:3 |      28 |       0 |   0.0 |      15 |       0 |   0.0
        D:4 |      34 |       0 |   0.0 |       1 |       0 |   0.0
        D:5 |     293 |     147 |  33.4 |      21 |       2 |   8.7
        D:6 |     450 |       0 |   0.0 |      21 |       0 |   0.0
        D:7 |     886 |    1036 |  53.9 |      23 |       3 |  11.5
        D:8 |    1713 |    2788 |  61.9 |      26 |      12 |  31.6
        D:9 |    1253 |       0 |   0.0 |      20 |       0 |   0.0
       D:10 |    1279 |       0 |   0.0 |      30 |       0 |   0.0
       D:11 |    2469 |    2961 |  54.5 |      19 |       3 |  13.6
       D:12 |    2980 |    2311 |  43.7 |      38 |       1 |   2.6
       D:13 |    6115 |    3351 |  35.4 |      34 |      20 |  37.0
       D:14 |    6673 |       0 |   0.0 |      21 |       0 |   0.0
       D:15 |    5156 |    1640 |  24.1 |      29 |       2 |   6.5
     Temple |      43 |       0 |   0.0 |       2 |       0 |   0.0
     Lair:1 |    4721 |     240 |   4.8 |      16 |       2 |  11.1
     Lair:2 |    6901 |    1265 |  15.5 |      37 |       4 |   9.8
     Lair:3 |    5435 |       0 |   0.0 |      20 |       0 |   0.0
     Lair:4 |    6023 |    1095 |  15.4 |      22 |      11 |  33.3
     Lair:5 |    2107 |    1833 |  46.5 |       6 |       8 |  57.1
     Lair:6 |    6035 |    9825 |  61.9 |      26 |      20 |  43.5
    Snake:1 |    7435 |       0 |   0.0 |      21 |       0 |   0.0
    Snake:2 |   12959 |    1130 |   8.0 |      37 |       3 |   7.5
      Orc:1 |    3012 |     839 |  21.8 |      39 |       6 |  13.3
      Orc:2 |    1528 |    6545 |  81.1 |      21 |      37 |  63.8
            +---------+---------+-------+---------+---------+-------
